 Dungeon Crawl Stone Soup version 0.19.5 (webtiles) character file.

53 Monsterracer the Cudgeler (level 3, 39/39 HPs)
             Began as an Ogre Gladiator on Sept 8, 2017.
             Was a Follower of Yredelemnul.
             Quit the game on level 2 of the Dungeon.
             The game lasted 00:02:43 (1558 turns).

Monsterracer the Cudgeler (Ogre Gladiator)          Turns: 1558, Time: 00:02:43

Health: 39/39      AC:  3    Str: 21    XL:     3   Next: 89%
Magic:  3/3        EV: 10    Int:  7    God:    Yredelemnul [*.....]
Gold:   132        SH:  0    Dex: 10    Spells: 0 memorised, 2 levels left

rFire  . . .     SeeInvis .     a - +0 flail
rCold  . . .     Gourm    .     b - +0 robe
rNeg   . . .     Faith    .     (no shield)
rPois  .         Spirit   .     c - +0 hat
rElec  .         Reflect  .     (no cloak)
rCorr  .         Harm     .     (gloves unavailable)
MR     .....                    (boots unavailable)
Stlth  +.........               (no amulet)
                                (no ring)
                                (no ring)

@: no status effects
A: unfitting armour, tough skin 1
a: Animate Remains, Renounce Religion


You were on level 2 of the Dungeon.
You worshipped Yredelemnul.
Yredelemnul was aware of your devotion.
You were not hungry.

You visited 1 branch of the dungeon, and saw 2 of its levels.

You collected 132 gold pieces.

Inventory:

Hand Weapons
 a - a +0 flail (weapon)
Missiles
 d - 3 throwing nets (quivered)
 j - 5 silver tomahawks
Armour
 b - a +0 robe (worn)
 c - a +0 hat (worn)
Scrolls
 e - a scroll of fear {unknown}
 h - a scroll of teleportation {unknown}
 i - a scroll of blinking {unknown}
Potions
 k - a potion of heal wounds
 m - a potion of flight {unknown}
Comestibles
 f - 3 bread rations
 g - a chunk of flesh
 l - a beef jerky


   Skills:
 * Level 4.0 Fighting
 * Level 4.6 Maces & Flails
 + Level 2.5 Throwing
 + Level 2.8 Dodging
 + Level 0.2 Invocations


You had 2 spell levels left.
You didn't know any spells.

Dungeon Overview and Level Annotations

Branches:
Dungeon (2/15)

Altars:
Yredelemnul


Innate Abilities, Weirdness & Mutations

You are too large for most types of armour.
You have tough skin. (AC +1)


Message History

Yredelemnul accepts your kill.
The frilled lizard hisses angrily.
A frilled lizard is nearby!
The frilled lizard bites you but does no damage.
Found a coppery potion.
You miss the frilled lizard. The frilled lizard bites you.
Damage: -2%(-1hp) hp: 98%(38hp)
You sock the frilled lizard!
You kill the frilled lizard!
Yredelemnul accepts your kill.
No target in view!
No target in view!
You butcher the frilled lizard corpse.
g - 5 chunks of flesh (gained 1)
l - a beef jerky Some of the chunks of flesh in your inventory have rotted away.
m - a coppery potion A bat comes into view.
Unknown command.
Are you sure you want to abandon this character and quit the game? (Confirm with "yes".)

##########........#
..................#######
.........................
.........................
..................####...
...........######## #...
...........##### #...
######+#.......## #...
+@........# ###...
#........## #.....
#........# ##....
#........# #..#.
#........# #....
#.......## ##.##
#...<...## #.#
+..b.....## #.#
#.........# #.#


You could see a bat.

Vanquished Creatures
  An adder (D:1)
  A worm (D:2)
  A dart slug (D:1)
  A leopard gecko (D:1)
  2 bats (D:1)
  3 giant cockroaches
  5 goblins (D:1)
  8 hobgoblins
  2 jackals (D:1)
  A quokka (D:2)
  3 frilled lizards (D:2)
  5 kobolds
  5 rats (D:1)
38 creatures vanquished.

Notes
Turn   | Place    | Note
-------+----------+-------------------------------------------
     0 | D:1      | Monsterracer the Ogre Gladiator began the quest for the Orb.
     0 | D:1      | Reached XP level 1. HP: 22/22 MP: 1/1
   205 | D:1      | Reached XP level 2. HP: 29/31 MP: 2/2
   643 | D:1      | Reached XP level 3. HP: 31/37 MP: 3/3
   998 | D:2      | Found a faded altar of an unknown god.
  1007 | D:1      | HP: 18/37 [kobold/dagger (1)]
  1013 | D:1      | HP: 17/39 [poisoned by an adder]
  1020 | D:1      | HP: 16/39 [poisoned by an adder]
  1171 | D:2      | Became a worshipper of Yredelemnul the Dark
  1171 | D:2      | Reached * piety under Yredelemnul
  1558 | D:2      | Quit the game

Skill      XL: |  1  2  3 |
---------------+----------+-----
Fighting       | 3 4 |  4.0
Maces & Flails | |  4.6
Throwing       | |  2.5
Dodging        | |  2.8
Invocations    | |  0.2

Action                   || total
-------------------------++-------
Melee: Flail             ||   107
  Use: Scroll            ||     2
  Eat: Chunk             ||     2
Armor: Robe              ||    31
Dodge: Dodged            ||    49
